Map: Pride of Altaris LE

Players

Barcode

  • Race: Zerg Zerg
  • League: Master
  • Spawn Location: 11:00

Pumba - Winner!

  • Race: Protoss Protoss
  • League: Diamond
  • Spawn Location: 5:00

VOD

Have the link to the VOD?

Description

Time

  • Played on: March 22, 2022, 4:56 p.m.
  • Length: 10:31
Show
View Real Time Build Order
Export as new Build Order

Barcode Zerg 

Build Orders: Hatch First 

Get SALT Encoding   

  12  0:00  Drone  
  13  0:12  Overlord  
  13  0:16  Drone  
  14  0:30  Drone x2  
  14  0:34  Drone  
  17  0:54  Hatchery  
  16  1:06  Spawning Pool  
  16  1:09  Drone  
  16  1:12  Extractor  
  16  1:14  Drone  
  16  1:18  Drone  
  17  1:44  Drone x2  
  17  1:45  Drone  
  20  1:54  Extractor  
  20  1:56  Drone, Roach Warren  
  19  2:06  Drone  
  20  2:17  Queen, Drone  
  20  2:18  Overlord  
  20  2:22  Drone  
  24  2:34  Spore Crawler  
  23  2:39  Roach  
  23  2:40  Roach  
  23  2:42  Drone  
  28  2:48  Roach  
  30  2:52  Queen  
  32  2:59  Ravager  
  32  3:00  Ravager  
  32  3:02  Roach  
  36  3:07  Overlord  
  36  3:33  Roach x2  
  40  3:34  Queen  
  40  3:37  Ravager  
  43  4:36  Queen  
  42  4:47  Drone  
  42  4:48  Drone  
  44  5:08  Overlord  
  44  5:09  Overlord  
  44  5:14  Spore Crawler, Queen, Spine Crawler  
  44  5:28  Roach x3  
  50  5:44  Roach  
  52  5:50  Overlord x2  
  52  5:51  Lair  
  52  5:59  Queen  
  49  6:05  Drone  
  49  6:06  Drone  
  49  6:07  Overlord x2  
  49  6:11  Roach  
  53  6:14  Ravager x4  
  53  6:17  Hatchery  
  56  6:21  Spore Crawler  
  56  6:22  Spore Crawler, Roach  
  56  6:23  Ravager  
  56  6:25  Ravager  
  58  6:48  Overlord  
  58  6:55  Overlord  
  58  6:56  Queen  
  60  7:07  Drone  
  60  7:08  Hydralisk Den, Drone x2  
  62  7:15  Overseer  
  62  7:20  Drone x3  
  65  7:24  Drone  
  65  7:26  Queen  
  68  7:48  Hydralisk  
  68  7:49  Hydralisk  
  68  7:50  Queen  
  74  7:53  Drone  
  74  7:57  Grooved Spines  
  75  8:16  Hydralisk x3  
  72  8:27  Hydralisk  
  72  8:31  Queen  
  76  8:39  Hydralisk  
  62  9:03  Hydralisk x2  
  62  9:06  Overseer  
  47  9:21  Hydralisk  
  47  9:22  Hydralisk x5  
  48  9:24  Queen  
  44  9:42  Drone x2  
  44  9:45  Extractor  
  45  9:47  Lurker Den  
  45  9:50  Drone  
  45  9:51  Drone  
  45  9:52  Spore Crawler  
Show
View Real Time Build Order
Export as new Build Order

Pumba Protoss - Winner!

Build Orders: 1 Gate Expand, Proxy Void Ray 

Get SALT Encoding   

  12  0:00  Probe  
  13  0:12  Probe  
  14  0:18  Pylon  
  14  0:25  Probe  
  15  0:37  Probe (Chrono Boost)  
  15  0:40  Gateway  
  16  0:49  Probe (Chrono Boost)  
  17  0:52  Assimilator  
  17  0:54  Probe (Chrono Boost)  
  18  1:03  Probe  
  19  1:15  Probe  
  20  1:24  Nexus  
  20  1:35  Cybernetics Core  
  20  1:42  Probe  
  20  1:44  Assimilator  
  21  1:55  Pylon  
  21  1:56  Probe  
  22  2:08  Probe  
  22  2:21  Stargate  
  23  2:22  Probe  
  23  2:25  Zealot  
  25  2:30  Gateway  
  25  2:33  Shield Battery  
  25  2:35  Probe  
  26  2:40  Probe  
  27  2:45  Pylon  
  27  2:51  Stalker (Chrono Boost)  
  29  3:05  Gateway  
  29  3:18  Void Ray (Chrono Boost)  
  33  3:28  Shield Battery  
  33  3:33  Shield Battery  
  31  3:36  Cybernetics Core  
  34  3:56  Void Ray (Chrono Boost)  
  34  4:09  Cybernetics Core, Gateway  
  34  4:22  Shield Battery  
  33  4:35  Void Ray (Chrono Boost)  
  37  4:45  Shield Battery  
  37  4:47  Pylon  
  37  4:56  Probe x2  
  39  5:01  Pylon  
  39  5:12  Void Ray (Chrono Boost)  
  43  5:48  Warp Gate  
  43  5:49  Void Ray  
  47  5:51  Probe (Chrono Boost)  
  47  5:52  Gateway x2, Probe (Chrono Boost)  
  49  6:01  Probe (Chrono Boost)  
  50  6:05  Probe (Chrono Boost)  
  50  6:06  Probe (Chrono Boost)  
  52  6:19  Protoss Air Weapons Level 1  
  52  6:22  Probe (Chrono Boost)  
  52  6:23  Probe (Chrono Boost)  
  54  6:26  Twilight Council  
  54  6:27  Pylon  
  54  6:32  Probe (Chrono Boost)  
  56  6:34  Probe (Chrono Boost)  
  56  6:42  Probe  
  56  6:43  Shield Battery  
  56  6:45  Probe  
  56  6:46  Pylon  
  56  6:58  Probe  
  57  7:05  Probe  
  62  7:08  Charge (Chrono Boost)  
  62  7:11  Void Ray  
  62  7:15  Zealot  
  62  7:16  Zealot x2  
  62  7:19  Probe  
  62  7:21  Assimilator  
  69  7:23  Assimilator  
  69  7:27  Shield Battery  
  69  7:28  Pylon  
  69  7:33  Probe  
  70  7:38  Gateway  
  70  7:40  Gateway  
  70  7:51  Gateway  
  70  7:52  Pylon  
  70  7:56  Zealot  
  70  7:57  Zealot x2  
  76  8:02  Pylon  
  76  8:03  Pylon  
  76  8:05  Pylon  
  76  8:19  Zealot  
  78  8:20  Zealot x2  
  82  8:31  Shield Battery x2  
  82  8:34  Zealot  
  84  8:40  Probe  
  85  8:42  Shield Battery  
  85  8:48  Zealot x5  
  99  8:52  Void Ray  
  98  9:01  Zealot  
  86  9:17  Zealot x5  
  86  9:20  Probe x2  
  98  9:32  Probe  
  99  9:47  Nexus  
  99  9:48  Pylon  
  99  10:04  Zealot x5  
Tags
 
Add a new tag
Caveats
  • Supply blocks, unpowered buildings, or Contaminate may cause inaccurate times.
  • Supply counts are checked every 10 seconds.